 Dungeon Crawl Stone Soup version 0.21.1-1-g345015fe64 (webtiles) character file.

257 DildoBatman the Skirmisher (level 6, -1/49 HPs)
             Began as a Formicid Enchanter on Feb 25, 2018.
             Was an Initiate of Ashenzari.
             Slain by a scorpion (8 damage)
             ... on level 4 of the Dungeon.
             The game lasted 00:11:02 (4968 turns).

DildoBatman the Skirmisher (Formicid Enchanter)     Turns: 4968, Time: 00:11:03

Health: -1/49      AC:  6    Str: 15    XL:     6   Next: 39%
Magic:  6/9        EV: 11    Int: 14    God:    Ashenzari [......]
Gold:   180        SH:  0    Dex: 11    Spells: 5/9 levels left

rFire    . . .     SeeInvis +   b - +0 mace
rCold    . . .     Gourm    .   (no shield)
rNeg     . . .     Faith    .   k - +0 ring mail
rPois    .         Spirit   .   (helmet unavailable)
rElec    .         Reflect  .   (no cloak)
rCorr    .         Harm     .   p - +0 pair of gloves
MR       .....                  (no boots)
Stlth    ++........             l - amulet of magic regeneration
HPRegen  0.16/turn              (no ring)
MPRegen  0.36/turn              (no ring)

@: lethally poisoned (-1 -> -3), very slightly contaminated
A: permanent stasis, dig shafts and tunnels, four strong arms, antennae 3
a: Dig, Shaft Self, Curse Item, Renounce Religion


You were on level 4 of the Dungeon.
You worshipped Ashenzari.
Ashenzari was noncommittal.
You were hungry.

You visited 1 branch of the dungeon, and saw 4 of its levels.

You collected 180 gold pieces.

Inventory:

Hand Weapons
 a - a +1 dagger
 b - a +0 mace (weapon)
Armour
 k - a +0 ring mail (worn)
 p - a +0 pair of gloves (worn)
Jewellery
 l - an amulet of magic regeneration (around neck)
Scrolls
 d - a scroll of identify {unknown}
 e - 2 scrolls of random uselessness {unknown}
 m - 3 scrolls of amnesia {unknown}
 n - 2 scrolls of enchant weapon {unknown}
 x - 3 scrolls of remove curse
Potions
 f - a potion of haste {unknown}
 g - a potion of flight {unknown}
 i - a potion of mutation {unknown}
 o - 2 potions of heal wounds {unknown}
 q - a potion of degeneration {unknown}
Books
 c - a book of Maledictions

   Spells                             Type                      Level
   a - Corona                         Hexes                        1
   b - Ensorcelled Hibernation        Hexes/Ice                    2
   c - Confuse                        Hexes                        3
   d - Tukima's Dance                 Hexes                        3
   e - Dazzling Spray                 Conjuration/Hexes            3
 j - a book of Cantrips

   Spells                             Type                      Level
   a - Confusing Touch                Hexes                        1
   b - Animate Skeleton               Necromancy                   1
   c - Summon Small Mammal            Summoning                    1
   d - Apportation                    Translocation                1
Comestibles
 h - a chunk of flesh
 v - 5 rations


   Skills:
 * Level 4.5 Fighting
 - Level 1.0 Short Blades
 * Level 3.5 Armour
 * Level 2.3 Dodging
 - Level 4.0 Stealth
 - Level 2.1 Spellcasting
 - Level 3.6 Hexes


You had 5 spell levels left.
You knew the following spells:

 Your Spells              Type           Power        Failure   Level  Hunger
a - Corona                Hex            ##.....      10%         1    #......
b - Confuse               Hex            ##......     30%         3    ###....


Dungeon Overview and Level Annotations

Branches:
Dungeon (4/15)
 Temple: D:4-7

Altars:
Ashenzari
Uskayaw

Annotations:
D:2 Sigmund
D:3 Ijyb
D:4 exclusions: ogre and worker ant


Innate Abilities, Weirdness & Mutations

You cannot be hasted, slowed, berserked, paralysed or teleported.
You can dig through walls and to a lower floor.
Your four strong arms can wield two-handed weapons with a shield.
You have a pair of large antennae on your head. (SInv)


Message History

You barely miss the scorpion.
The scorpion is heavily wounded.
The scorpion stings you but does no damage.
You hit the scorpion but do no damage.
The scorpion is heavily wounded.
You feel sick.
The scorpion stings you but does no damage.
You barely miss the scorpion.
The scorpion is heavily wounded.
The scorpion stings you but does no damage.
The scorpion closely misses you.
You hit the scorpion.
The scorpion is severely wounded.
You feel sick.
The scorpion stings you but does no damage.
Your ring mail prevents you from hitting the scorpion.
The scorpion is severely wounded.
The scorpion barely misses you. The scorpion stings you!
You die...

#..# ##.....#### ##.# ##...##
#### #.# ##..# #..# #.# #..#
### ##.## ##)# #..# ##.# #..#
#..# #..# #..# ##.###.## #..#
##..# #.....# #.s#####...#
#....## #.@...>....# #...##
##.######..## ##...# ##.#
#...### ##>...## #.## ##....#
#......##########.# ####....#
..####............###...#...#
### ###.................#..#
## ##.######.######..#..# .#
##.## #.## ##..#..#


You could see a scorpion.

Vanquished Creatures
  A hound (D:4)
  An orc wizard (D:3)
  2 worker ants (D:4)
  A hound skeleton (D:2)
  4 gnolls (D:2)
  3 adders
  A worm (D:2)
  3 dart slugs
  A leopard gecko (D:1)
  3 orcs (D:3)
  2 ball pythons (D:3)
  4 giant cockroaches
  4 goblins
  11 hobgoblins
  3 jackals (D:2)
  7 bats
  4 frilled lizards
  6 kobolds
  8 rats
69 creatures vanquished.

Notes
Turn   | Place    | Note
-------+----------+-------------------------------------------
     0 | D:1      | DildoBatman the Formicid Enchanter began the quest for the Orb.
     0 | D:1      | Reached XP level 1. HP: 13/13 MP: 3/3
   255 | D:1      | Reached skill level 1 in Fighting
   431 | D:1      | Reached XP level 2. HP: 21/21 MP: 5/5
  1053 | D:1      | Reached XP level 3. HP: 28/28 MP: 4/6
  1058 | D:1      | Learned a level 3 spell: Confuse
  1806 | D:2      | Noticed Sigmund
  1999 | D:2      | Reached skill level 1 in Armour
  1999 | D:2      | Reached XP level 4. HP: 33/35 MP: 7/7
  2424 | D:2      | Reached XP level 5. HP: 31/41 MP: 8/8
  3289 | D:3      | Found a shattered altar of Ashenzari.
  3435 | D:3      | Became a worshipper of Ashenzari the Shackled
  3908 | D:3      | Found a hide-covered altar of Uskayaw.
  4193 | D:4      | Noticed an ogre
  4256 | D:4      | Reached XP level 6. HP: 48/48 MP: 6/9
  4792 | D:4      | Noticed Ijyb
  4968 | D:4      | Slain by a scorpion

Skill      XL: |  1  2  3  4  5 |
---------------+----------------+-----
Fighting       | 1 2 3 4 |  4.5
Dodging        | 2 |  2.3
Armour         | 1 2 3 |  3.5
Stealth        | 4 |  4.0
Short Blades   | |  1.0
Spellcasting   | |  2.1
Hexes          | |  3.6

Action                   |  1- 3 |  4- 6 || total
-------------------------+-------+-------++-------
Melee: Dagger            |   100 |   191 ||   291
       Short sword       |       |    19 ||    19
       Mace              |       |    26 ||    26
 Cast: Corona            |    16 |    42 ||    58
       Confuse           |       |     3 ||     3
 Abil: Dig               |       |     5 ||     5
 Stab: Sleeping          |     9 |     3 ||    12
       Confused          |       |     1 ||     1
  Eat: Chunk             |     3 |    12 ||    15
Armor: Robe              |    10 |       ||    10
       Leather armour    |       |    40 ||    40
       Ring mail         |       |    38 ||    38
Dodge: Dodged            |    53 |   131 ||   184
